 Dungeon Crawl Stone Soup version 0.29.0-4-gdea44cf6ec (webtiles) character file.

Game seed: 17749225366682398825

16 qw the Chopper (level 2, 0/17 HPs)
             Began as a Tengu Warper on Aug 28, 2022.
             Succumbed to their own poison gas
             ... on level 1 of the Dungeon.
             The game lasted 00:00:05 (987 turns).

qw the Chopper (Tengu Warper)                        Turns: 987, Time: 00:00:05

Health: 0/17       AC:  8    Str: 11    XL:     2   Next: 58%
Magic:  6/6        EV:  5    Int: 13    God:
Gold:   94         SH:  0    Dex: 13    Spells: 5/5 levels left

rFire   . . .      SeeInvis .   Y - +0 hand axe
rCold   . . .      Faith    .   (no shield)
rNeg    . . .      Spirit   .   f - +0 chain mail
rPois   .          Reflect  .   (helmet restricted)
rElec   .          Harm     .   (no cloak)
rCorr   .          Rampage  .   (no gloves)
Will    .....                   (boots unavailable)
Stlth   ..........              (no amulet)
HPRegen 0.05/turn               (no ring)
MPRegen 0.10/turn               (no ring)

@: lethally poisoned (0 -> -9)
A: beak, talons 3
a: no special abilities


You were on level 1 of the Dungeon.
You visited 1 branch of the dungeon, and saw 1 of its levels.

You collected 94 gold pieces.


Innate Abilities, Weirdness & Mutations

You have a beak for a mouth.
You have claws for feet.


   Skills:
 - Level 2.0 Fighting
 + Level 3.4 Axes
 - Level 1.0 Throwing
 - Level 1.1 Armour
 - Level 2.1 Dodging
 - Level 2.0 Spellcasting
 - Level 2.4 Translocations


You had 5 spell levels left.
You didn't know any spells.
Your spell library contained the following spells:

 Spells                   Type           Power      Damage    Failure   Level
 Blink                    Tloc           14%        N/A       100%        2
 Gell's Gravitas          Tloc           7%         N/A       100%        3
 Lesser Beckoning         Tloc           7%         N/A       100%        3
 Teleport Other           Tloc           7%         N/A       100%        3
 Manifold Assault         Tloc           7%         N/A       100%        5

Inventory:

Hand Weapons
 g - a +0 mace
 Y - a +0 hand axe (weapon)
Armour
 f - a +0 chain mail (worn)
Potions
 h - a potion of berserk rage {unknown}

Dungeon Overview and Level Annotations

Branches:
Dungeon (1/15)

Altars:

Shops:
D:1 :*


Message History

As you read the scroll labelled JAEC ATTI XEA, it crumbles to dust.
You hear a loud clanging noise!
It was a scroll of noise.
Done exploring.
977 ||| READING scroll labelled ENONWIR PUANO.
As you read the scroll labelled ENONWIR PUANO, it crumbles to dust.
It is a scroll of amnesia.
You feel forgetful for a moment.
Done exploring.
978 ||| READING scroll labelled CECENTOQIA.
As you read the scroll labelled CECENTOQIA, it crumbles to dust.
You feel momentarily disoriented.
It was a scroll of magic mapping.
Done exploring.
979 ||| DRINKING 2 glowing silvery potions.
It was a potion of magic.
Magic courses through your body.
Done exploring.
980 ||| DROPPING 3 scrolls of poison.
You drop 3 scrolls of poison.
Done exploring.
981 ||| DROPPING scroll of blinking.
You drop a scroll of blinking.
Done exploring.
982 ||| DROPPING potion of magic.
You drop a potion of magic.
Done exploring.
(D) Dungeon
Where to? (* - list waypoints, ? - help)
What level of the Dungeon? (default 1, ? - help) Sorry, I don't know how to get there.
Done exploring.
983 ||| Stepping randomly (stuck).
Really walk into that cloud of poison gas?
You are engulfed in poison gas.
You are lethally poisoned!
You feel very sick.
984 ||| Stepping ~*~*~tactically~*~*~ (cloud).
You feel very sick.
Items here: ! ?? [[.
There is a lethal amount of poison in your body!
You feel very sick.
There is a lethal amount of poison in your body!
You feel sick.
There is a lethal amount of poison in your body!
You die...

#.....# #.# ## #..¤¤¤# #.#
.# ##...0.# #.# .#
#.....0# #.# .#
######....0¤#######.#
.#####.........#00.......#
...............#0######..#
...............#0##......#
...............#@##.###.##
######.........#¤0..# #.#
#............########.#
#........###..........###
#........# ########.#...#
#........# #.#.#.#
#........# #.###.#
#........# #.....#
#........# #.#####


There were no monsters in sight!

Vanquished Creatures
  3 endoplasms (D:1)
  2 goblins (D:1)
  2 hobgoblins (D:1)
  3 jackals (D:1)
  2 bats (D:1)
  2 kobolds (D:1)
14 creatures vanquished.

Notes
Turn   | Place    | Note
-------+----------+-------------------------------------------
     0 | D:1      | qw the Tengu Warper began the quest for the Orb.
     0 | D:1      | Reached XP level 1. HP: 12/12 MP: 4/4
     0 | D:1      | 0 ||| qw: Version: 0.1-a-89-g26bdef1
     0 | D:1      | 0 ||| qw: Game counter: 1750
     0 | D:1      | 0 ||| qw: Always use a shield: true
     0 | D:1      | 0 ||| qw: God list: Okawaru
     0 | D:1      | 0 ||| qw: Allow faded altars: false
     0 | D:1      | 0 ||| qw: Do Orc after D:15 true
     0 | D:1      | 0 ||| qw: Do second Lair branch before Depths: true
     0 | D:1      | 0 ||| qw: Lair rune preference: random
     0 | D:1      | 0 ||| qw: Plans: Normal
     0 | D:1      | 0 ||| PLANNING D:1-11
   146 | D:1      | Reached XP level 2. HP: 7/17 MP: 6/6
   148 | D:1      | Reached skill level 3 in Axes
   534 | D:1      | Found Poom Boe's General Store.
   543 | D:1      | 543 ||| SHOPLISTING +0 hand axe of draining (103 gold, have
                  | 57).
   543 | D:1      | 543 ||| SHOPLISTING 2 potions of curing (84 gold, have 57).
   543 | D:1      | 543 ||| SHOPLISTING potion of cancellation (112 gold, have
                  | 57).
   543 | D:1      | 543 ||| SHOPLISTING potion of mutation (112 gold, have 57).
   675 | D:1      | Found Ximufuy's Book Boutique.
   756 | D:1      | Found a faded altar of an unknown god.
   953 | D:1      | 953 ||| UPGRADING to +0 ring mail.
   963 | D:1      | 963 ||| DROPPING +0 leather armour.
   964 | D:1      | 964 ||| UPGRADING to +0 chain mail.
   974 | D:1      | 974 ||| DROPPING +0 ring mail.
   975 | D:1      | 975 ||| READING 4 scrolls labelled PEPLIT BIOSO.
   976 | D:1      | 976 ||| READING scroll labelled JAEC ATTI XEA.
   977 | D:1      | 977 ||| READING scroll labelled ENONWIR PUANO.
   978 | D:1      | 978 ||| READING scroll labelled CECENTOQIA.
   979 | D:1      | 979 ||| DRINKING 2 glowing silvery potions.
   980 | D:1      | 980 ||| DROPPING 3 scrolls of poison.
   981 | D:1      | 981 ||| DROPPING scroll of blinking.
   982 | D:1      | 982 ||| DROPPING potion of magic.
   983 | D:1      | 983 ||| Stepping randomly (stuck).
   984 | D:1      | 984 ||| Stepping ~*~*~tactically~*~*~ (cloud).
   985 | D:1      | HP: 4/17 [poisoned by you (poison gas)]
   987 | D:1      | Succumbed to their own poison gas

Levels and vault maps discovered:
D:1:      scummos_arrival_star, layout_basic, basic_ecumenical_altar,
          serial_shops, shop, nicolae_lakefront_shop

Skill      XL: |  1  2 |
---------------+-------+-----
Axes           | 3 |  3.4
Fighting       | |  2.0
Throwing       | |  1.0
Armour         | |  1.1
Dodging        | |  2.1
Spellcasting   | |  2.0
Translocations | |  2.4

Action                   || total
-------------------------++-------
Melee: Hand axe          ||    24
       Peck              ||     6
       Kick              ||     5
Throw: Boomerang         ||     7
  Use: Scroll            ||     4
       Potion            ||     1
Armor: Leather armour    ||     7
Dodge: Dodged            ||    11

Table legend:
 A = Non-vault XP
 B = Vault XP
 C = Vault XP percentage of total XP
 D = Non-vault monster count
 E = Vault monster count
 F = Vault count percentage of total count
                 A         B        C        D         E       F
            +---------+---------+-------+---------+---------+-------
      Total |      24 |       0 |   0.0 |      14 |       0 |   0.0
            +---------+---------+-------+---------+---------+-------
        D:1 |      24 |       0 |   0.0 |      14 |       0 |   0.0
            +---------+---------+-------+---------+---------+-------
